 Dungeon Crawl Stone Soup version 0.30-a0-845-g7c6808c8ce (webtiles) character file.

Game seed: 6212525490159925065

63 demibob the Cudgeller (level 3, -1/26 HPs)
             Began as a Demonspawn Wanderer on Mar 2, 2023.
             Slain by an orc
             ... wielding a +0 club
              (2 damage)
             ... on level 3 of the Dungeon.
             The game lasted 00:01:50 (1647 turns).

demibob the Cudgeller (Demonspawn Wanderer)         Turns: 1647, Time: 00:01:51

Health: -1/26      AC:  7    Str: 16    XL:     3   Next: 87%
Magic:  3/3        EV: 11    Int:  9    God:
Gold:   100        SH:  0    Dex: 14    Spells: 2/2 levels left

rFire   . . .      SeeInvis .    a - +3 mace
rCold   . . .      Faith    .    (no shield)
rNeg    . . .      Spirit   .    q - +1 leather armour {rPois}
rPois   +          Reflect  .    (no helmet)
rElec   .          Rampage  .    k - +2 cloak
rCorr   .                        (no gloves)
Will    .....                    (no boots)
Stlth   +                        (no amulet)
HPRegen 0.24/turn                (no ring)
MPRegen 0.08/turn                (no ring)

@: mighty, attractive
A: claws 1
a: no special abilities


You were on level 3 of the Dungeon.
You visited 1 branch of the dungeon, and saw 3 of its levels.

You collected 100 gold pieces.


Innate Abilities, Weirdness & Mutations

You have sharp fingernails.


   Skills:
 - Level 1.0 Fighting
 + Level 5.7 Maces & Flails
 - Level 1.7 Polearms
 - Level 1.2 Invocations
 - Level 1.0 Evocations


You had 2 spell levels left.
You didn't know any spells.
Your spell library contained the following spells:

 Spells                   Type           Power      Damage    Failure   Level
 Slow                     Hex            0%         N/A       45%         1
 Confusing Touch          Hex            0%         N/A       83%         3
 Vampiric Draining        Necr           0%         2d6       83%         3

Inventory:

Hand Weapons
 a - a +3 mace (weapon)
Armour
 k - a +2 cloak (worn)
 q - a +1 leather armour of poison resistance (worn)
Jewellery
 P - a ring of poison resistance
Scrolls
 b - a scroll of vulnerability {unknown}
 c - a scroll of fear
 j - 2 scrolls of identify {unknown}
 l - 2 scrolls of immolation {unknown}
 m - a scroll of amnesia {unknown}
Potions
 e - a potion of ambrosia {unknown}
 f - 4 potions of curing {unknown}
 g - a potion of heal wounds {unknown}
 h - a potion of might
 i - a potion of berserk rage {unknown}
 n - a potion of brilliance {unknown}
 o - a potion of invisibility {unknown}

Dungeon Overview and Level Annotations

Branches:
Dungeon (3/15)

Altars:

#......... ........#
.........# .......
.........# #....# #.....o.
#....# #..>.>o##
####<...##. #......?#
#...........
.####.......####)#....####.
............##o{w.....#
#.....(..##.@##...###
#...................#
###.....#.............#
......#.#.#.............
.####..[..#..........#..
#..(..............#..
#......###........#
#.......# #........#
.........# .......##


You could see a worm and an orc.


Message History

The orc wizard points at you and mumbles some strange words.
The puff of flame hits you.
* * * LOW HITPOINT WARNING * * *
You hit the orc wizard.
The orc wizard is moderately wounded.
The orc wizard points at you and mumbles some strange words.
The magic dart hits you.
* * * LOW HITPOINT WARNING * * *
The orc wizard hits you but does no damage.
You hit the orc wizard.
The orc wizard is severely wounded.
The orc wizard mumbles some strange words.
The orc wizard flickers and vanishes!
Deactivating autopickup; reactivate with Ctrl-A.
The orc wizard hits you but does no damage.
You sock the orc wizard!
You kill the orc wizard!
The orc hits you with a +0 club.
* * * LOW HITPOINT WARNING * * *
Something hits you but does no damage.
You see here a +0 club.
The orc hits you with a +0 club.
* * * LOW HITPOINT WARNING * * *
It was a potion of might.
You feel very mighty all of a sudden. The orc closely misses you.
Something hits you but does no damage.
It was a potion of attraction.
You feel attractive to monsters. The orc hits you with a +0 club.
You die...

Skill      XL: |  1  2 |
---------------+-------+-----
Maces & Flails | 5 |  5.7
Fighting       | |  1.0
Polearms       | |  1.7
Invocations    | |  1.2
Evocations     | |  1.0

Action                     || total
---------------------------++-------
  Melee: Mace              ||    82
    Use: Potion            ||     2
   Stab: Sleeping          ||     1
 Armour: Leather armour    ||    30
  Dodge: Dodged            ||    49

Levels and vault maps discovered:
D:1:      kilobyte_arrival_exit_the_forest, layout_basic, roderic_lattice_a,
          nrook_mini_vaults, minmay_3d_cube
D:2:      layout_basic
D:3:      layout_rooms, minmay_door_square,
          nicolae_concentric_dashed_squares_wild

Notes
Turn   | Place    | Note
-------+----------+-------------------------------------------
     0 | D:1      | demibob the Demonspawn Wanderer began the quest for the
                  | Orb.
     0 | D:1      | demibob set off with the following items: a +3 mace, a +0
                  | spear, a scroll of fear, a +0 leather armour.
     0 | D:1      | Reached XP level 1. HP: 15/15 MP: 1/1
   250 | D:1      | Gained mutation: You have sharp fingernails. [demonic
                  | ancestry]
   250 | D:1      | Reached XP level 2. HP: 19/21 MP: 2/2
   360 | D:1      | Reached skill level 5 in Maces & Flails
   681 | D:1      | You fall into a shaft and drop 1 floor!
  1335 | D:2      | Reached XP level 3. HP: 22/26 MP: 3/3
  1644 | D:3      | HP: 2/26 [orc/+0 club (4)]
  1647 | D:3      | Slain by an orc

Vanquished Creatures
  An orc wizard (D:3)
  An orc (D:3)
  3 ball pythons (D:1)
  3 bats
  An endoplasm (D:1)
  A giant cockroach (D:2)
  2 hobgoblins (D:2)
  4 jackals (D:2)
  3 kobolds (D:1)
  3 quokkas
  4 frilled lizards
  3 goblins
  5 rats (D:1)
34 creatures vanquished.

Table legend: (Time is in decaauts)
 A = Elapsed time spent in this place.
 B = Non-inter-level travel time spent in this place.
 C = Inter-level travel time spent in this place.
 D = Time resting spent in this place.
 E = Time spent auto-exploring this place.
 F = Levels seen in this place.
 G = Mean time per level.
                   A        B        C        D        E       F      G
               +--------+--------+--------+--------+--------+-----+--------+
         Total |   1665 |   1626 |     39 |     34 |   1344 |   3 |  555.0 |
       Dungeon |   1665 |   1626 |     39 |     34 |   1344 |   3 |  555.0 |
               +--------+--------+--------+--------+--------+-----+--------+

Top non-repeatable levels by time:
     D:1: 994 daAuts
     D:2: 604 daAuts
     D:3: 66 daAuts

Table legend:
 A = Non-vault XP
 B = Vault XP
 C = Vault XP percentage of total XP
 D = Non-vault monster count
 E = Vault monster count
 F = Vault count percentage of total count
                 A         B        C        D         E       F
            +---------+---------+-------+---------+---------+-------
      Total |      84 |       6 |   6.7 |      29 |       5 |  14.7
            +---------+---------+-------+---------+---------+-------
        D:1 |      24 |       6 |  20.0 |      16 |       5 |  23.8
        D:2 |      19 |       0 |   0.0 |      10 |       0 |   0.0
        D:3 |      41 |       0 |   0.0 |       3 |       0 |   0.0
            +---------+---------+-------+---------+---------+-------
